 Dungeon Crawl Stone Soup version 0.30.1-11-g7821555f0a (webtiles) character file.

Game seed: 11308660109364813268

170 SacredBeard the Grave Robber (level 5, -2/35 HPs)
             Began as a Demonspawn Necromancer on Nov 6, 2023.
             Slain by Grinder (9 damage)
             ... on level 3 of the Dungeon.
             The game lasted 00:09:12 (2777 turns).

SacredBeard the Grave Robber (DsNe)                 Turns: 2777, Time: 00:09:13

Health: -2/35      AC:  4    Str:  8 (10) XL:     5   Next: 26%
Magic:  7/10       EV: 11    Int: 14 (17) God:
Gold:   72         SH:  0    Dex: 11 (13) Spells: 9/10 levels left

rFire   + . .        s - +2 whip (drain)
rCold   + . .        (no shield)
rNeg    + . .        l - +0 leather armour
rPois   .            f - +0 helmet
rElec   .            h - scarf {rC+ rF+}
rCorr   +            (no gloves)
SInv    .            (no boots)
Will    .....        m - amulet of regeneration
Stlth   +            g - ring of resist corrosion
HPRegen 1.05/turn    z - ring of positive energy
MPRegen 0.12/turn

%: no passive effects
@: mighty
A: claws 1, spiny 1
a: no special abilities


You were on level 3 of the Dungeon.
You visited 1 branch of the dungeon, and saw 3 of its levels.

You collected 92 gold pieces.
You spent 20 gold pieces at shops.

Inventory:

Hand Weapons
 s - a +2 whip of draining (weapon)
Missiles
 d - 38 stones
 v - 5 boomerangs
 y - 3 javelins
Armour
 a - a +0 robe
 f - a +0 helmet (worn)
 h - a scarf of resistance (worn)
 l - a +0 leather armour (worn)
 p - a +0 buckler
Jewellery
 g - a ring of resist corrosion (left claw)
 m - an amulet of regeneration (around neck)
 z - a ring of positive energy (right claw)
Wands
 u - a wand of polymorph (15)
 x - a wand of roots (12)
Scrolls
 c - a scroll of noise
 e - a scroll of fear {unknown}
 i - a scroll of poison {unknown}
 j - a scroll of fog {unknown}
 r - a scroll of amnesia {unknown}
 t - a scroll of butterflies {unknown}
 w - a scroll of identify
Potions
 b - a potion of magic
 k - a potion of flight
 n - 2 potions of degeneration
 q - a potion of curing {unknown}


   Skills:
 - Level 1.7 Dodging
 - Level 1.7 Stealth
 + Level 3.3 Spellcasting
 * Level 6.4 Necromancy


You had 9 spell levels left.
You knew the following spells:

 Your Spells              Type           Power      Damage    Failure   Level
a - Necrotise             Necr           80%        1d8       2%          1

Your spell library contained the following spells:

 Spells                   Type           Power      Damage    Failure   Level
 Vampiric Draining        Necr           20%        2d7       6%          3
 Animate Dead             Necr           20%        N/A       22%         4
 Sandblast                Erth           4%         2d4       30%         1
 Passwall                 Tmut/Erth      1%         N/A       41%         2
 Agony                    Necr           20%        N/A       52%         5
 Stone Arrow              Conj/Erth      4%         3d7       65%         3


Dungeon Overview and Level Annotations

Branches:
Dungeon (3/15) Zot: 15221

Altars:

Shops:
D:1 ??   D:3 =

Annotations:
D:2 1 runed translucent door, Crazy Yiuf
D:3 Grinder


Innate Abilities, Weirdness & Mutations

You have sharp fingernails.
You are partially covered in sharp spines.


Message History

You barely resist.
Your orc skeleton hits Grinder but does no damage.
You barely miss Grinder.
Grinder is heavily wounded.
Your goblin skeleton crumbles into dust!
Grinder gestures at you.
You suddenly lose the ability to move!
Your orc skeleton hits Grinder but does no damage.
Grinder gestures at you. Pain shoots through your body!
Your orc skeleton barely misses Grinder.
Grinder hits you but does no damage. Grinder hits you!
* * * LOW HITPOINT WARNING * * *
You writhe in agony.
* * * LOW HITPOINT WARNING * * *
Your orc skeleton barely misses Grinder.
Grinder gestures at you. Pain shoots through your body!
* * * LOW HITPOINT WARNING * * *
Your orc skeleton closely misses Grinder.
You can move again.
It was a potion of degeneration.
There was something very wrong with that liquid.
You feel weakened.
You feel dopey.
You feel clumsy.
Your orc skeleton crumbles into dust!
Grinder barely misses you.
It was a potion of might.
You feel very mighty all of a sudden.
Grinder blinks!
Aiming: Fastroot
Press: ? - help, Shift-Dir - straight line, f - Grinder
Aim: Grinder (heavily wounded)
The roots erupt in riotous growth!
Roots grab Grinder.
The grasping roots constrict Grinder.
Grinder blinks free!
You closely miss Grinder.
Grinder is heavily wounded.
Grinder is struck by your spines. Grinder hits you!
You die...

.....#.##...## .#
..#.##.##########.#
....##............####
⌠.........####........
..#...................
..#######.####.##.####
..# #.# #.##.# .. ..#
#.# ##.##5## #.# ..#
#.###..#@..### ##...
#......'.⌠...###...⌠.
#####§.#.........(...
##.###....<....# #.#
###..)..## ... ##.).##
### #†....# ....<....#
.............


You could see Grinder.

Vanquished Creatures
  Jessica (D:2)
  Natasha (D:2)
  3 gnolls (D:2)
  An adder (D:2)
  2 worms
  A dart slug (D:1)
  An orc (D:3)
  5 bats
  9 endoplasms
  A giant cockroach (D:3)
  4 goblins
  5 hobgoblins
  8 jackals
  3 quokkas (D:1)
  6 ball pythons
  4 frilled lizards
  8 kobolds
  6 rats
69 creatures vanquished.

Vanquished Creatures (collateral kills)
  A ball python (D:2)
  An endoplasm (D:1)
2 creatures vanquished.

Grand Total: 71 creatures vanquished

Notes
Turn   | Place    | Note
-------+----------+-------------------------------------------
     0 | D:1      | SacredBeard the Demonspawn Necromancer began the quest for
                  | the Orb.
     0 | D:1      | Reached XP level 1. HP: 13/13 MP: 3/3
   294 | D:1      | Gained mutation: You have sharp fingernails. [demonic
                  | ancestry]
   294 | D:1      | Reached XP level 2. HP: 19/19 MP: 0/5
   519 | D:1      | Reached skill level 5 in Necromancy
   591 | D:1      | Found The Oracle's Delphic Readings.
   776 | D:1      | Found Piwiqeus's Magic Scroll Shoppe.
   781 | D:1      | Bought a scroll of identify for 20 gold pieces
   950 | D:1      | Reached XP level 3. HP: 24/24 MP: 2/6
  1465 | D:2      | Noticed Jessica
  1468 | D:2      | Killed Jessica
  1469 | D:2      | Gained mutation: You are partially covered in sharp spines.
                  | [demonic ancestry]
  1469 | D:2      | Reached XP level 4. HP: 30/30 MP: 4/8
  1733 | D:2      | Reached skill level 6 in Necromancy
  2024 | D:2      | Noticed Natasha
  2035 | D:2      | Killed Natasha
  2036 | D:2      | Reached XP level 5. HP: 25/35 MP: 7/9
  2137 | D:2      | Found a runed translucent door.
  2138 | D:2      | Noticed Crazy Yiuf
  2459 | D:3      | Found Povu Ongo's One-of-a-Kind Rings.
  2744 | D:3      | Noticed Grinder
  2769 | D:3      | Paralysed by Grinder for 5 turns
  2777 | D:3      | Slain by Grinder

Illustrated notes

Levels and vault maps discovered:
D:1:      saegor_arrival_under_anarchy, layout_loops_ring, serial_shops, shop,
          nrook_campfire, st_stairs_2, nicolae_nh_oracle_at_delphi
D:2:      layout_loops_ring, uniq_crazy_yiuf_cottage, uniq_natasha, uniq_jessica
D:3:      cheibrodos_helix_gallery, layout_loops_ring, solitary_fountain,
          nicolae_shop_unique_rings, hangedman_feature_mirror,
          grunt_ministairs_13, uniq_grinder

Skill      XL: |  1  2  3  4 |
---------------+-------------+-----
Necromancy     | 5 6 |  6.4
Spellcasting   | 3 |  3.3
Dodging        | |  1.7
Stealth        | |  1.7

Action                     |  1- 3 |  4- 6 || total
---------------------------+-------+-------++-------
  Melee: Unarmed           |    47 |     1 ||    48
         Punch             |     1 |       ||     1
         Whip              |       |    10 ||    10
   Cast: Necrotise         |    62 |    60 ||   122
  Evoke: Wand              |       |     1 ||     1
    Use: Scroll            |     1 |     1 ||     2
         Potion            |       |     2 ||     2
 Armour: Robe              |    11 |       ||    11
         Leather armour    |     1 |     1 ||     2
  Dodge: Dodged            |    34 |     6 ||    40
